 Dungeon Crawl Stone Soup version 0.31.0-12-g77e489cdc1 (webtiles) character file.

Game seed: 17501369517831133459

278 hawla the Ducker (level 6, -2/57 HPs)
             Began as a Minotaur Fighter on Feb 16, 2024.
             Killed from afar by an orc wizard (8 damage)
             ... with a puff of flame
             ... on level 3 of the Dungeon.
             The game lasted 00:06:32 (1426 turns).

hawla the Ducker (Minotaur Fighter)                 Turns: 1426, Time: 00:06:34

Health: -2/57      AC:  6    Str: 22    XL:     6   Next: 5%
Magic:  5/5        EV: 10    Int:  9    God:
Gold:   83         SH:  4    Dex:  6    Spells: 5/5 levels left

rFire   . . .        a - +3 war axe
rCold   . . .        c - +0 buckler
rNeg    . . .        b - +0 scale mail
rPois   .            (helmet restricted)
rElec   .            (no cloak)
rCorr   .            (no gloves)
SInv    .            (no boots)
Will    .....        f - amulet of faith Stlth
                     (no ring)
HPRegen 0.29/turn    (no ring)
MPRegen 0.09/turn

%: faith
@: no status effects
A: horns 2, retaliatory headbutt, fangs 1, clever 1, clumsy 1, robust 1
a: no special abilities


You were on level 3 of the Dungeon.
You visited 1 branch of the dungeon, and saw 3 of its levels.

You collected 83 gold pieces.

Inventory:

Hand Weapons
 a - a +3 war axe (weapon)
Armour
 b - a +0 scale mail (worn)
 c - a +0 buckler (worn)
Jewellery
 d - a +4 ring of protection
 f - an amulet of faith (around neck)
Scrolls
 h - 2 scrolls of vulnerability
 j - a scroll of silence


   Skills:
 - Level 4.0 Fighting
 - Level 2.4 Axes
 - Level 3.6 Armour
 + Level 5.5 Dodging
 - Level 5.0 Shields


You had 5 spell levels left.
You didn't know any spells.
Your spell library was empty.

Dungeon Overview and Level Annotations

Branches:
Dungeon (3/15)

Altars:


Innate Abilities, Weirdness & Mutations

You have a pair of horns on your head.
You reflexively headbutt those who attack you in melee.
You have very sharp teeth.
Your mind is acute. (Int +4, Str/Dex -1)
You are clumsy. (Dex -2)
You are robust. (+10% HP)


Message History

* * * LOW HITPOINT WARNING * * *
The orc shoots a sling bullet.
The sling bullet barely misses you. The orc hits you with a +0 war axe!
* * * LOW HITPOINT WARNING * * *
The orc wizard hits you but does no damage.
You hit the orc wizard. Your headbutt misses the orc wizard.
Your bite misses the orc wizard.
The orc wizard is moderately wounded.
You slash the orc!
You kill the orc!
You closely miss the orc.
The orc unwields a +0 sling.
The orc wields a +0 dagger.
The orc hits you with a +0 dagger.
* * * LOW HITPOINT WARNING * * *
The orc wizard completely misses you. The orc closely misses you.
You furiously retaliate!
You headbutt the orc!
You kill the orc!
The orc closely misses you. You furiously retaliate!
You headbutt the orc.
The orc wizard hits you but does no damage.
Unknown command.
You miss the orc wizard.
The orc wizard is moderately wounded.
You barely miss the orc. You slash the orc!
You kill the orc!
The orc hits you but does no damage. The orc wizard misses you.
You furiously retaliate!
You headbutt the orc wizard. You block the orc's attack.
You closely miss the orc wizard.
You bite the orc wizard, but do no damage.
The orc wizard is severely wounded.
You hit the orc.
The orc wizard gestures at you while chanting.
You resist with some effort. The orc hits you with a +0 dagger.
* * * LOW HITPOINT WARNING * * *
You hit the orc wizard. Your headbutt misses the orc wizard.
You bite the orc wizard, but do no damage.
The orc wizard is almost dead.
You completely miss the orc.
The orc wizard points at you and mumbles some strange words.
The puff of flame hits you!
You die...

!. #....... ....
......##......# #...
#...............# #...
##...............####.#.
#.............#.........
#....#.........†........
.....#..................
... #...oo)...............
...##...$@#####.).........
...........# #...........
...........####...........
..........................
...........)..............
..........).....†#...##...
..........)).....#...##...
###........###...#...#####
......).....##...#...#####


You could see an orc wizard and an orc.

Vanquished Creatures
  An orc priest (D:3)
  3 orc wizards (D:3)
  Robin (D:2)
  7 adders
  A ribbon worm (D:2)
  2 dart slugs
  5 orcs (D:3)
  10 bats
  5 endoplasms
  3 giant cockroaches
  20 goblins
  11 hobgoblins
  4 kobolds
  3 ball pythons
  7 frilled lizards
  6 rats
89 creatures vanquished.

Notes
Turn   | Place    | Note
-------+----------+-------------------------------------------
     0 | D:1      | hawla the Minotaur Fighter began the quest for the Orb.
     0 | D:1      | Reached XP level 1. HP: 19/19 MP: 0/0
   154 | D:1      | Reached XP level 2. HP: 27/27 MP: 1/1
   448 | D:1      | Found a faded altar of an unknown god.
   527 | D:1      | Reached XP level 3. HP: 33/33 MP: 2/2
   700 | D:2      | Reached skill level 5 in Shields
   703 | D:2      | Reached skill level 1 in Dodging
   704 | D:2      | Noticed Robin
   718 | D:2      | Killed Robin
   719 | D:2      | Reached XP level 4. HP: 20/40 MP: 3/3
  1190 | D:3      | Reached XP level 5. HP: 46/46 MP: 4/4
  1340 | D:3      | Gained mutation: Your mind is acute. (Int +4, Str/Dex -1)
                  | [potion of mutation]
  1340 | D:3      | Gained mutation: You are clumsy. (Dex -2) [potion of
                  | mutation]
  1340 | D:3      | Gained mutation: You have very sharp teeth. [potion of
                  | mutation]
  1340 | D:3      | Gained mutation: You are robust. (+10% HP) [potion of
                  | mutation]
  1349 | D:3      | Reached skill level 5 in Dodging
  1363 | D:3      | Reached XP level 6. HP: 15/57 MP: 5/5
  1426 | D:3      | Killed from afar by an orc wizard

Illustrated notes

Levels and vault maps discovered:
D:1:      ncdulo_lavacross, layout_rooms, ebering_ecumenical_altar_abandoned
D:2:      layout_rooms, hex_medium, st_stairs_1, uniq_robin
D:3:      layout_basic

Skill      XL: |  1  2  3  4  5 |
---------------+----------------+-----
Fighting       | 4 |  4.0
Shields        | 4 5 |  5.0
Dodging        | 2 3 5 |  5.5
Axes           | |  2.4
Armour         | |  3.6

Action                     |  1- 3 |  4- 6 || total
---------------------------+-------+-------++-------
  Melee: War axe           |    69 |    81 ||   150
         Headbutt          |     8 |    10 ||    18
         Bite              |       |     2 ||     2
    Use: Scroll            |     6 |     4 ||    10
         Potion            |     2 |     2 ||     4
 Armour: Scale mail        |    59 |    41 ||   100
         Skin              |       |    52 ||    52
  Dodge: Dodged            |    37 |    44 ||    81
  Block: Buckler           |    26 |    18 ||    44
